 Dungeon Crawl Stone Soup version 0.32-a0-18-g89e19f1 (webtiles) character file.

Game seed: 8377516751390386260

507 Dorkslayer the Ducker (level 7, -3/47 HPs)
             Began as an Octopode Fighter on Jan 15, 2024.
             Was an Initiate of Wu Jian.
             Succumbed to Edmund's poison
             ... on level 4 of the Dungeon.
             The game lasted 00:06:11 (2225 turns).

Dorkslayer the Ducker (Octopode Fighter)            Turns: 2225, Time: 00:06:12

Health: -3/47      AC:  1    Str: 15    XL:     7   Next: 18%
Magic:  7/7        EV: 15    Int: 11    God:    Wu Jian [......]
Gold:   159        SH:  5    Dex: 19    Spells: 6/6 levels left

rFire   + . .        a - +1 long sword
rCold   + . .        b - +0 buckler
rNeg    . . .        (helmet restricted)
rPois   +            (no amulet)
rElec   +            m - +6 ring of dexterity
rCorr   +            (no ring)
SInv    .            (no ring)
Will    .....        (no ring)
Stlth   +++          (no ring)
HPRegen 0.27/turn    (no ring)
MPRegen 0.10/turn    (no ring)
                     (no ring)

%: no passive effects
@: lethally poisoned (-3 -> -19), resistant, attractive
A: almost no armour, amphibious, 8 rings, camouflage 1, gelatinous body 1,
(nimble swimmer 1), tentacles
a: Renounce Religion


You were on level 4 of the Dungeon.
You worshipped Wu Jian.
Wu Jian was noncommittal.
You visited 2 branches of the dungeon, and saw 5 of its levels.

You collected 159 gold pieces.

Inventory:

Hand Weapons
 a - a +1 long sword (weapon)
Missiles
 h - 3 javelins (quivered)
Armour
 b - a +0 buckler (worn)
Jewellery
 m - a +6 ring of dexterity (left tentacle)
Talismans
 d - a maw talisman
Wands
 i - a wand of flame (13)
Potions
 c - a potion of attraction
 e - 2 potions of brilliance
 f - a potion of resistance


   Skills:
 + Level 3.8 Fighting
 + Level 3.9 Long Blades
 * Level 2.0 Throwing
 * Level 4.3 Dodging
 + Level 2.3 Stealth
 + Level 3.5 Shields
 * Level 2.2 Evocations
 * Level 2.2 Shapeshifting


You had 6 spell levels left.
You didn't know any spells.
Your spell library contained the following spells:

 Spells                   Type           Power      Damage    Failure   Level
 Magic Dart               Conj           0%         1d3       43%         1
 Blink                    Tloc           0%         N/A       56%         2
 Call Imp                 Summ           0%         N/A       56%         2


Dungeon Overview and Level Annotations

Branches:
Dungeon (4/15)             Temple (1/1) D:4

Altars:
Ashenzari
Cheibriados
Dithmenos
Fedhas
Gozag
Hepliaklqana
Kikubaaqudgha
Okawaru
Qazlal
Sif Muna
Trog
Vehumet
Wu Jian
The Shining One

Annotations:
D:4 Edmund


Innate Abilities, Weirdness & Mutations

You cannot wear most types of armour.
You are amphibious.
You can wear up to eight rings at the same time.
Your skin changes colour to match your surroundings (Stealth+).
Your rubbery body absorbs attacks. (AC +1, EV +1)
((You are camouflaged when in or above water. (Stealth+)))
You have tentacles for arms and can constrict up to eight enemies at once.


Message History

You throw a javelin. The javelin barely misses Edmund.
Unknown command.
You slash Edmund! You grab Edmund.
Edmund is lightly wounded.
You constrict Edmund, but do no damage. Edmund completely misses you.
You hit Edmund. You squeeze Edmund, but do no damage.
Edmund is moderately wounded.
You constrict Edmund, but do no damage.
Edmund hits you with a +1 flail of venom!
You hit Edmund.
Edmund is moderately wounded.
You constrict Edmund, but do no damage. You block Edmund's attack.
You hit Edmund but do no damage.
Edmund is moderately wounded.
You constrict Edmund.
Edmund hits you with a +1 flail of venom.
You hit Edmund.
Edmund is heavily wounded.
You constrict Edmund.
Edmund says, "People think my brother is the best.
I think he's crazy."
You block Edmund's attack.
Edmund hits you with a +1 flail of venom!
You are poisoned.
It was a potion of attraction.
You feel attractive to monsters.
You constrict Edmund.
You feel very sick.
Edmund hits you with a +1 flail of venom!
* * * LOW HITPOINT WARNING * * *
You are more poisoned.
It was a potion of resistance.
You feel protected.
You constrict Edmund.
* * * LOW HITPOINT WARNING * * *
You feel very sick. Edmund misses you.
You completely miss Edmund.
Edmund is severely wounded.
You constrict Edmund.
You die...

## .. .. .. ..###########
....... ............######
....K.. .................#
@...... ..<..............#
....... .....##.##.##.##@#
.......
.##.##.........#@##.......
. #.............K.........
#.##..⌠(..⌠..#..........
#.)#.........#.......###
##.....(>......##....#
###.........### ....#
#..⌠...⌠..####.(..#
#...................+


You could see Edmund and a kobold.

Vanquished Creatures
  Grinder (D:3)
  Sigmund (D:3)
  An orc priest (D:3)
  Jessica (D:2)
  Robin (D:3)
  2 adders
  A dart slug (D:2)
  2 ribbon worms (D:3)
  2 orcs (D:3)
  5 endoplasms
  3 giant cockroaches
  14 goblins
  6 hobgoblins
  3 jackals (D:1)
  4 kobolds
  3 quokkas
  5 ball pythons
  2 bats
  4 frilled lizards
  7 rats
68 creatures vanquished.

Notes
Turn   | Place    | Note
-------+----------+-------------------------------------------
     0 | D:1      | Dorkslayer the Octopode Fighter began the quest for the
                  | Orb.
     0 | D:1      | Reached XP level 1. HP: 16/16 MP: 1/1
   123 | D:1      | Reached XP level 2. HP: 18/21 MP: 2/2
   750 | D:2      | Noticed Jessica
   753 | D:2      | Killed Jessica
   754 | D:2      | Reached XP level 3. HP: 26/26 MP: 3/3
   962 | D:2      | Reached XP level 4. HP: 27/31 MP: 4/4
  1277 | D:3      | Noticed Grinder
  1282 | D:3      | Killed Grinder
  1283 | D:3      | Reached skill level 1 in Throwing
  1283 | D:3      | Reached skill level 4 in Dodging
  1283 | D:3      | Reached skill level 1 in Stealth
  1283 | D:3      | Reached skill level 1 in Evocations
  1283 | D:3      | Reached skill level 1 in Shapeshifting
  1283 | D:3      | Reached XP level 5. HP: 26/36 MP: 5/5
  1283 | D:3      | Reached XP level 6. HP: 30/42 MP: 6/6
  1322 | D:3      | Found a faded altar of an unknown god.
  1340 | D:3      | Noticed Robin
  1357 | D:3      | Killed Robin
  1550 | D:3      | Noticed Sigmund
  1565 | D:3      | Killed Sigmund
  1566 | D:3      | Reached XP level 7. HP: 14/47 MP: 7/7
  1773 | D:3      | Found a stormy altar of Qazlal.
  2150 | D:4      | Found a staircase to the Ecumenical Temple.
  2175 | Temple   | Entered the Ecumenical Temple
  2190 | Temple   | Became a worshipper of the Wu Jian Council
  2210 | D:4      | Noticed Edmund
  2224 | D:4      | HP: 2/47 [poisoned by Edmund]
  2225 | D:4      | Succumbed to Edmund's poison

Illustrated notes

Levels and vault maps discovered:
D:1:      amcnicky_arrival_wind_blow, layout_basic, hangedman_feature_mirror,
          dk_noncrumbling_3, minivault_26, chequers_avenue
D:2:      layout_basic, uniq_jessica
D:3:      layout_loops_cross, nicolae_qazlal_eye_of_the_storm,
          ebering_ecumenical_altar_mist, uniq_sigmund, uniq_grinder, uniq_robin
D:4:      layout_basic, nicolae_overflow_macrodata_refinement,
          mainiacjoe_overflow_catwalk, kennysheep_mini_moat,
          minmay_temple_entry_large_hall, hangedman_decor_opposing,
          minmay_fractal_squares_5, uniq_edmund
Temple:   nicolae_temple_bog_church

Skill      XL: |  1  2  3  4  5  6  7 |
---------------+----------------------+-----
Long Blades    | 3 |  3.9
Throwing       | 1 2 |  2.0
Dodging        | 4 |  4.3
Stealth        | 1 2 |  2.3
Evocations     | 1 2 |  2.2
Shapeshifting  | 1 2 |  2.2
Fighting       | |  3.8
Shields        | |  3.5

Action                     |  1- 3 |  4- 6 |  7- 9 || total
---------------------------+-------+-------+-------++-------
  Melee: Long sword        |    47 |    29 |    29 ||   105
         Constrict         |    17 |     6 |     8 ||    31
         Tentacles         |     3 |    10 |     6 ||    19
  Throw: Javelin           |       |     4 |     1 ||     5
  Evoke: Wand              |       |     3 |     8 ||    11
    Use: Potion            |       |     1 |     2 ||     3
         Scroll            |       |     6 |       ||     6
   Stab: Sleeping          |     3 |     1 |     5 ||     9
 Armour: Skin              |    17 |    18 |    10 ||    45
  Dodge: Dodged            |    31 |    22 |    16 ||    69
  Block: Buckler           |     7 |     9 |     9 ||    25

Table legend: (Time is in decaauts)
 A = Elapsed time spent in this place.
 B = Non-inter-level travel time spent in this place.
 C = Inter-level travel time spent in this place.
 D = Time resting spent in this place.
 E = Time spent auto-exploring this place.
 F = Levels seen in this place.
 G = Mean time per level.
                   A        B        C        D        E       F      G
               +--------+--------+--------+--------+--------+-----+--------+
         Total |   2257 |   2257 |      0 |    131 |   1247 |   5 |  451.4 |
       Dungeon |   2233 |   2233 |      0 |    131 |   1247 |   4 |  558.2 |
        Temple |     23 |     23 |      0 |      0 |      0 |   1 |   23.0 |
               +--------+--------+--------+--------+--------+-----+--------+

Top non-repeatable levels by time:
     D:3: 884 daAuts
     D:1: 697 daAuts
     D:2: 594 daAuts
     D:4: 56 daAuts
  Temple: 23 daAuts
